 Dungeon Crawl Stone Soup version 0.30.1-3-gfc49f6343a (webtiles) character file.

Game seed: 6965744929584517281

286 jtron the Shooter (level 6, -2/51 HPs)
             Began as a Gnoll Wanderer on Aug 8, 2023.
             Slain by a gnoll
             ... wielding a +0 whip
             ... led by a gnoll bouda
              (4 damage)
             ... on level 5 of the Dungeon.
             The game lasted 00:06:56 (3257 turns).

jtron the Shooter (Gnoll Wanderer)                  Turns: 3257, Time: 00:06:56

Health: -2/51      AC:  6    Str: 10      XL:     6   Next: 30%
Magic:  8/9        EV: 12    Int: 10 (11) God:
Gold:   201        SH:  0    Dex: 16 (17) Spells: 9/9 levels left

rFire   . .          .
                       - Unarmed
rCold   . . .        (no shield)
rNeg    . . .        e - +0 robe
rPois   .            v - +0 helmet
rElec   .            c - +0 cloak
rCorr   .            w - +1 pair of gloves "Ymaogaid" {Dex+2}
SInv    .            (no boots)
Will    .....        (no amulet)
Stlth   ++           k - ring of flight
HPRegen 0.28/turn    (no ring)
MPRegen 0.11/turn

%: no passive effects
@: flying
A: fangs 1, strong nose, distributed training
a: no special abilities


You were on level 5 of the Dungeon.
You visited 2 branches of the dungeon, and saw 6 of its levels.

You collected 201 gold pieces.

Inventory:

Hand Weapons
 a - a +2 sling
 C - a +3 hand axe
Missiles
 r - 4 poisoned darts (quivered)
Armour
 c - a +0 cloak (worn)
 e - a +0 robe (worn)
 v - a +0 helmet (worn)
 w - the +1 pair of gloves "Ymaogaid" (worn) {Dex+2}
   (You found it on level 3 of the Dungeon)

   Dex:       It affects your dexterity (+2).
 D - the +1 ring mail "Tothrink" {*Corrode rN+ Will+ Str+3}
   (You found it on level 5 of the Dungeon)

   Str:       It affects your strength (+3).
   rN:        It protects you from negative energy.
   *Corrode:  It may corrode you when you take damage.
   Will:      It increases your willpower.
Jewellery
 i - an amulet of the acrobat
 k - a ring of flight (left hand)
 x - a ring of protection from cold
 y - a ring of willpower
Scrolls
 b - a scroll of immolation {unknown}
 d - 2 scrolls of blinking
 g - a scroll of fog {unknown}
 j - 2 scrolls of identify {unknown}
 n - 7 scrolls of teleportation
 p - 2 scrolls of noise {unknown}
 q - a scroll of enchant armour {unknown}
 t - 2 scrolls of enchant weapon {unknown}
 A - 4 scrolls of vulnerability {unknown}
 B - a scroll of silence {unknown}
Potions
 f - a potion of invisibility {unknown}
 h - 2 potions of degeneration
 l - 2 potions of attraction {unknown}
 m - 2 potions of brilliance {unknown}
 o - 2 potions of mutation {unknown}
 s - 2 potions of ambrosia {unknown}
 u - a potion of heal wounds {unknown}
 z - a potion of flight {unknown}


   Skills:
 + Level 5.0 Fighting
 + Level 2.0 Short Blades
 + Level 2.0 Long Blades
 + Level 2.0 Axes
 + Level 2.0 Maces & Flails
 + Level 2.0 Polearms
 + Level 2.0 Staves
 + Level 6.8 Ranged Weapons
 + Level 5.0 Throwing
 + Level 2.0 Armour
 + Level 2.0 Dodging
 + Level 3.1 Stealth
 + Level 2.0 Shields
 + Level 5.0 Unarmed Combat
 + Level 2.0 Spellcasting
 + Level 1.5 Conjurations
 + Level 1.5 Hexes
 + Level 1.5 Summonings
 + Level 1.5 Necromancy
 + Level 1.5 Translocations
 + Level 1.5 Transmutations
 + Level 1.5 Fire Magic
 + Level 1.5 Ice Magic
 + Level 1.5 Air Magic
 + Level 1.5 Earth Magic
 + Level 1.5 Poison Magic
 + Level 2.2 Invocations
 + Level 2.0 Evocations


You had 9 spell levels left.
You didn't know any spells.
Your spell library contained the following spells:

 Spells                   Type           Power      Damage    Failure   Level
 Cigotuvi's Dreadful Rot  Necr/Pois/Air  8%         N/A       24%         2
 Poisonous Vapours        Pois/Air       8%         N/A       24%         2
 Ignite Poison            Fire/Tmut/Pois 4%         N/A       43%         3
 Mephitic Cloud           Conj/Pois/Air  4%         N/A       43%         3
 Freezing Cloud           Conj/Ice/Air   2%         6-21      99%         5


Dungeon Overview and Level Annotations

Branches:
Dungeon (5/15)             Temple (1/1) D:4

Altars:
Dithmenos
Elyvilon
Fedhas
Gozag
Ru
Trog
Uskayaw
Vehumet
Yredelemnul
The Shining One

Shops:
D:4 [   D:5 (


Innate Abilities, Weirdness & Mutations

You have very sharp teeth.
Your uncanny sense of smell can sniff out nearby items.
Your experience applies equally to all skills.


Message History

You hit the gnoll but do no damage.
The gnoll is severely wounded.
The gnoll closely misses you.
You hit the gnoll.
The gnoll is almost dead.
The gnoll barely misses you.
You closely miss the gnoll. Your bite misses the gnoll.
The gnoll is almost dead.
You hit the gnoll but do no damage. You bite the gnoll, but do no damage.
The gnoll is almost dead.
The gnoll misses you.
You hit the gnoll.
The gnoll is almost dead.
The gnoll hits you with a +0 halberd.
* * * LOW HITPOINT WARNING * * *
You barely miss the gnoll.
The gnoll is almost dead.
The gnoll barely misses you.
You hit the gnoll.
You kill the gnoll!
Your Short Blades skill increases to level 2!
Your Long Blades skill increases to level 2!
Your Axes skill increases to level 2!
Your Maces & Flails skill increases to level 2!
Your Polearms skill increases to level 2!
Your Staves skill increases to level 2!
Your Armour skill increases to level 2!
Your Dodging skill increases to level 2!
Your Shields skill increases to level 2!
Your Spellcasting skill increases to level 2!
Your Evocations skill increases to level 2!
You punch the gnoll! Your bite misses the gnoll.
The gnoll is almost dead.
The gnoll hits you with a +0 club.
* * * LOW HITPOINT WARNING * * *
You punch the gnoll!
You kill the gnoll!
You hit the gnoll.
The gnoll is heavily wounded.
The gnoll hits you with a +0 whip.
You die...

.....######.#####.##.......#
#......................###.#
#.................####.###.#####
#...............#.# #..........#
#............##)#.###..###.###..
#........... #.................
##.#.#....(. #.#.###.####....##
.......... #.#.# #. ####.#
##.#.####. #@#.# #.# #.......
#g#.# #.# ######)# ∆ #.# #.#
#.#..........# #.#
#.####...#.#.# #.# #.#
##?##.#.g. #.# #.# #. #.# ##.
###.#####.##.# # #.†..........#


You could see a gnoll.

Vanquished Creatures
  A howler monkey (D:4)
  A gnoll bouda (D:5)
  A hound (D:3)
  A jelly (D:4)
  An iguana (D:4)
  6 adders
  2 gnolls (D:5)
  A worm (D:2)
  2 dart slugs
  7 orcs
  2 endoplasms
  5 giant cockroaches
  4 goblins
  2 hobgoblins (D:3)
  A jackal (D:1)
  5 kobolds
  4 quokkas
  3 ball pythons
  2 bats (D:1)
  2 frilled lizards
  3 rats
56 creatures vanquished.

Notes
Turn   | Place    | Note
-------+----------+-------------------------------------------
     0 | D:1      | jtron the Gnoll Wanderer began the quest for the Orb.
     0 | D:1      | jtron set off with the following items: a +2 sling, a
                  | scroll of teleportation, a +0 cloak, a scroll of blinking,
                  | a +0 robe.
     0 | D:1      | Reached XP level 1. HP: 20/20 MP: 1/1
   121 | D:1      | Reached XP level 2. HP: 26/26 MP: 2/2
   742 | D:2      | Reached XP level 3. HP: 31/31 MP: 3/3
  1458 | D:3      | Reached skill level 1 in Invocations
  1720 | D:3      | Identified the +1 pair of gloves "Ymaogaid" {Dex+2}
  1771 | D:3      | Reached skill level 1 in Short Blades
  1771 | D:3      | Reached skill level 1 in Long Blades
  1771 | D:3      | Reached skill level 1 in Axes
  1771 | D:3      | Reached skill level 1 in Maces & Flails
  1771 | D:3      | Reached skill level 1 in Polearms
  1771 | D:3      | Reached skill level 1 in Staves
  1771 | D:3      | Reached skill level 1 in Armour
  1771 | D:3      | Reached skill level 1 in Dodging
  1771 | D:3      | Reached skill level 1 in Shields
  1771 | D:3      | Reached skill level 1 in Spellcasting
  1771 | D:3      | Reached skill level 1 in Evocations
  1844 | D:4      | Reached skill level 1 in Conjurations
  1844 | D:4      | Reached skill level 1 in Hexes
  1844 | D:4      | Reached skill level 1 in Summonings
  1844 | D:4      | Reached skill level 1 in Necromancy
  1844 | D:4      | Reached skill level 1 in Translocations
  1844 | D:4      | Reached skill level 1 in Transmutations
  1844 | D:4      | Reached skill level 1 in Fire Magic
  1844 | D:4      | Reached skill level 1 in Ice Magic
  1844 | D:4      | Reached skill level 1 in Air Magic
  1844 | D:4      | Reached skill level 1 in Earth Magic
  1844 | D:4      | Reached skill level 1 in Poison Magic
  1844 | D:4      | Reached XP level 4. HP: 33/38 MP: 5/5
  1881 | D:3      | Reached XP level 5. HP: 34/43 MP: 5/7
  1904 | D:4      | Found a staircase to the Ecumenical Temple.
  2076 | D:4      | Found Jacseco's Antique Armour Boutique.
  2086 | Temple   | Entered the Ecumenical Temple
  2727 | D:5      | Entered Level 5 of the Dungeon
  2837 | D:5      | Identified the +1 ring mail "Tothrink" {*Corrode rN+ Will+
                  | Str+3}
  2988 | D:5      | Found Leudill's Weapon Shoppe.
  3136 | D:5      | Reached XP level 6. HP: 50/50 MP: 8/8
  3239 | D:5      | Reached skill level 5 in Fighting
  3239 | D:5      | Reached skill level 5 in Throwing
  3239 | D:5      | Reached skill level 5 in Unarmed Combat
  3255 | D:5      | HP: 2/51 [gnoll/+0 club[a gnoll bouda] (2)]
  3257 | D:5      | Slain by a gnoll

Illustrated notes

Levels and vault maps discovered:
D:1:      dpeg_arrival_prison, layout_basic, st_stairs_6, minmay_bisected
D:2:      layout_rooms
D:3:      layout_loops_ring
D:4:      layout_basic, minmay_temple_entry_mist, serial_shops, shop
D:5:      layout_loops_ring, serial_shops, shop
Temple:   chequers_temple_sunken

Skill      XL: |  1  2  3  4  5  6 |
---------------+-------------------+-----
Invocations    | 1 2 |  2.2
Short Blades   | 1 2 |  2.0
Long Blades    | 1 2 |  2.0
Axes           | 1 2 |  2.0
Maces & Flails | 1 2 |  2.0
Polearms       | 1 2 |  2.0
Staves         | 1 2 |  2.0
Armour         | 1 2 |  2.0
Dodging        | 1 2 |  2.0
Shields        | 1 2 |  2.0
Spellcasting   | 1 2 |  2.0
Evocations     | 1 2 |  2.0
Conjurations   | 1 |  1.5
Hexes          | 1 |  1.5
Summonings     | 1 |  1.5
Necromancy     | 1 |  1.5
Translocations | 1 |  1.5
Transmutations | 1 |  1.5
Fire Magic     | 1 |  1.5
Ice Magic      | 1 |  1.5
Air Magic      | 1 |  1.5
Earth Magic    | 1 |  1.5
Poison Magic   | 1 |  1.5
Stealth        | 3 |  3.1
Fighting       | 5 |  5.0
Throwing       | 5 |  5.0
Unarmed Combat | 5 |  5.0
Ranged Weapons | |  6.8

Action                     |  1- 3 |  4- 6 || total
---------------------------+-------+-------++-------
  Melee: Unarmed           |    14 |    60 ||    74
         Punch             |     2 |     4 ||     6
         Bite              |       |     5 ||     5
   Fire: Sling             |    97 |    71 ||   168
    Use: Potion            |       |     1 ||     1
 Armour: Robe              |    14 |    21 ||    35
  Dodge: Dodged            |    26 |    56 ||    82
